[Event "Early-Titled-Tuesday-Blitz-July-09-2024"]
[Site "Chess.com"]
[Date "2024.07.09"]
[Round "7"]
[White "FormerProdigy"]
[Black "jumpingknight20"]
[Result "0-1"]
[WhiteElo "2964"]
[BlackElo "2802"]
[TimeControl "180+1"]
[EndTime "9:20:36 PDT"]
[Termination "jumpingknight20 won by checkmate"]

1. Nf3 Nf6 2. b3 d5 3. Bb2 c5 4. e3 e6 5. Bb5+ Bd7 6. a4 Bd6 7. O-O a6 8. Bxd7+ Nbxd7 9. d3 Qc7 10. Nbd2 O-O 11. a5 Rad8 12. Ra4 Ne5 13. Qa1 Nfd7 14. h3 f6 15. e4 Nc6 16. Re1 Rde8 17. Nf1 Nde5 18. Nxe5 Bxe5 19. Ne3 Bxb2 20. Qxb2 dxe4 21.
Rxe4 Nxa5 22. Qc3 b6 23. b4 Nb7 24. Nd5 Qd8 25. Nf4 e5 26. Qb3+ Rf7 27. Nd5 Nd6 28.
R4e2 cxb4 29. Qxb4 Nf5 30. c4 b5 31. Ra2 Nd4 32.
Rb1 Re6 33. Kh1 h6 34. Qb2 Rb7 35. Rba1 Qd7 36. Rxa6 bxc4 37. Rb6 Rexb6 38. Nxb6 Qc6 39. Rb1 c3 40. Qa2+ Kh7 41. Nc4 Rxb1+ 42. Qxb1 c2 43.
Qc1 Qb5 44. Kh2 Qb1 45. Qe3 c1=Q 46. Qe4+ f5 47. Qxe5 Nf3+ 48. gxf3 Qg1# 0-1

[Event "Early-Titled-Tuesday-Blitz-July-09-2024"]
[Site "Chess.com"]
[Date "2024.07.09"]
[Round "7"]
[White "iwanyu"]
[Black "Jakhongir-Vakhidov"]
[Result "0-1"]
[WhiteElo "2902"]
[BlackElo "3028"]
[TimeControl "180+1"]
[EndTime "9:20:37 PDT"]
[Termination "Jakhongir-Vakhidov won on time"]

1. e4 c5 2. Be2 g6 3. f4 Bg7 4.
Nf3 Nc6 5. O-O e6 6. c3 d5 7. e5 d4 8. Bd3 f6 9. Be4 fxe5 10.
Bxc6+ bxc6 11. Nxe5 Ne7 12. c4 d3 13. Qf3 Qd4+ 14.
Qe3 Bxe5 15. fxe5 Qxc4 16. b3 Qd4 17. Nc3 Qxe3+ 18. dxe3 Ba6 19. Bd2 O-O-O 20. Ne4 Rd5 21. Nd6+ Kd7 22. e4 Rxd6 23. exd6 Kxd6 24. Rf7 Re8 25.
Bf4+ e5 26. Bg5 c4 27. Rc1 cxb3 28. axb3 Bb5 29. Kf2 h5 30. Ke3 Nc8 31. b4 a6 32.
Rcf1 Nb6 33. R1f6+ Re6 34. Rxe6+ Kxe6 35. Rf6+ Kd7 36.
Rxg6 Na4 37. Kd2 c5 38. Rg7+ Ke6 39. Rg6+ Kf7 40. Rf6+ Kg7 41. bxc5 Nxc5 42. Rf5 Nxe4+ 43. Ke1 Kg6 44. Rxe5 Nxg5 45. h4 Nf7 46. Re6+ Kf5 47. Re7 Ne5 48. Kd2 Ke4 49. Rh7 Kd4 50. Rxh5 Nc4+ 51.
Ke1 d2+ 52. Ke2 Ba4 0-1

[Event "Early-Titled-Tuesday-Blitz-July-09-2024"]
[Site "Chess.com"]
[Date "2024.07.09"]
[Round "7"]
[White "Boundless_Strike"]
[Black "AryanTari"]
[Result "1-0"]
[WhiteElo "2807"]
[BlackElo "2977"]
[TimeControl "180+1"]
[EndTime "9:20:37 PDT"]
[Termination "Boundless_Strike won by resignation"]

1. d4 d5 2. e4 dxe4 3. Nc3 Nf6 4. f3 exf3 5. Nxf3 g6 6. Bc4 Bg7 7. O-O O-O 8. Qe1 c5 9. dxc5 Qc7 10. Be3 Bg4 11. Ng5 Nbd7 12. Qh4 Bh5 13. b4 Ne5 14. Bb3 h6 15. Nge4 Neg4 16. Bf4 g5 17. Bxc7 gxh4 18. Rae1 Nxe4 19. Nxe4 Bg6 20. h3 Bd4+ 21. Kh1 Ne3 22. Rf4 Rac8 23. c3 Bg7 24. Rxe3 Rxc7 25. Rxh4 h5 26. Re1 Be5 27. Re2 Kg7 28.
Nf2 Bg3 29. Rc4 Bd3 30. Nxd3 Rd7 31. Rd4 Rfd8 32. Ree4 f5 33. Rxd7 Rxd7 34. Rd4 Rc7 35. Kg1 e5 36. Rd5 Kf6 37. Kf1 h4 38. Rd6+ Kg5 39. Re6 e4 40. Ne5 Rg7 41. Nc4 Kf4 42. Nd6 Rg5 43. Bc2 Ke3 44. b5 Kd2 45. Bxe4 f4 46. Bf3 Rxc5 47. Ne4+ 1-0

[Event "Early-Titled-Tuesday-Blitz-July-09-2024"]
[Site "Chess.com"]
[Date "2024.07.09"]
[Round "7"]
[White "WPWPWP-2015"]
[Black "DanLowinger"]
[Result "0-1"]
[WhiteElo "2520"]
[BlackElo "2428"]
[TimeControl "180+1"]
[EndTime "9:20:37 PDT"]
[Termination "DanLowinger won on time"]

1. d4 Nf6 2. c4 g6 3. Nf3 Bg7 4. g3 O-O 5. Bg2 d6 6. O-O Nbd7 7. Re1 e5 8. d5 a5 9. Na3 Nc5 10. Nb5 Bd7 11. h3 Ne8 12. Be3 c6 13. Nxd6 Nxd6 14. Bxc5 Nxc4 15. b3 e4 16. bxc4 exf3 17. Bxf3 Bxh3 18.
Rb1 Re8 19. Rxb7 Bc3 20. dxc6 Bxe1 21. Qxe1 Qg5 22. c7 Qxc5 23. Qc3 Rac8 24. Rb5 Qxc7 25. Bd5 Be6 26. Rb7 Qd6 27. Qf6 Rc7 28. Bxe6 fxe6 29. Rb3 Rf7 30. Qc3 a4 31. Rb2 a3 32. Rd2 Qc5 33.
e3 Rc8 34. Rd4 e5 35. Re4 Re7 36. Kh2 Rc6 37. Qd3 Qd6 38. Qb3 Rb6 39. Qa4 Qc6 40. Qc2 Rb2 41. Qd3 Rd7 42. Qxa3 Qxe4 43. Qxb2 Qxc4 44. Qxe5 Rf7 45. Qb8+ Rf8 46. Qb2 Qf7 47. Kg1 Qf6 48. Qb3+ Rf7 49. Qc2 Kg7 50. a4 Qa1+ 51.
Kg2 Qf6 52. Qa2 h5 53. a5 Qf3+ 54. Kg1 h4 55. Qb2+ Qf6 56. Qe2 h3 0-1

[Event "Early-Titled-Tuesday-Blitz-July-09-2024"]
[Site "Chess.com"]
[Date "2024.07.09"]
[Round "7"]
[White "RobertoJBM"]
[Black "esskeettit"]
[Result "1-0"]
[WhiteElo "2837"]
[BlackElo "2535"]
[TimeControl "180+1"]
[EndTime "9:20:38 PDT"]
[Termination "RobertoJBM won on time"]

1. d4 d5 2. Nf3 Nf6 3. e3 e6 4.
Bd3 Bd6 5. Nbd2 O-O 6. e4 dxe4 7.
Nxe4 Nxe4 8. Bxe4 h6 9. O-O Nd7 10. c4 Nf6 11. Bc2 c5 12. dxc5 Bxc5 13. Qe2 Qc7 14.
b3 Bd7 15. Bb2 Be7 16. Ne5 Rfd8 17. Rad1 Bc6 18. Ng4 Qf4 19. Ne5 Be4 20. g3 Qf5 21. Bxe4 Qxe4 22. Qxe4 Nxe4 23. Rfe1 Rxd1 24. Rxd1 Bc5 25.
Nd3 Rd8 26. Kg2 Bb6 27. f3 Nc5 28. Nf2 Rxd1 29. Nxd1 Nd3 30. f4 Nxb2 31. Nxb2 Kf8 32. Kf3 Ke7 33. Ke4 f5+ 34. Kf3 Bd4 35. Nd3 Kd6 36.
g4 g5 37. gxf5 exf5 38. h3 b6 39. Kg3 a5 40. Kf3 Ke6 41. Kg3 Kd6 42. fxg5 hxg5 43. h4 g4 44. Kf4 Ke6 45. h5 Bg7 46. Kg5 g3 47. h6 Bh8 48. Kh4 f4 49. Nxf4+ Kf5 50.
Ng2 1-0

[Event "Early-Titled-Tuesday-Blitz-July-09-2024"]
[Site "Chess.com"]
[Date "2024.07.09"]
[Round "7"]
[White "rhungaski"]
[Black "AwareIdea"]
[Result "0-1"]
[WhiteElo "2637"]
[BlackElo "2503"]
[TimeControl "180+1"]
[EndTime "9:20:38 PDT"]
[Termination "AwareIdea won by resignation"]

1. Nf3 d5 2. g3 Bg4 3. Bg2 Nd7 4. O-O c6 5. d3 Ngf6 6. c4 e6 7. b3 Bc5 8. Bb2 O-O 9. a3 Re8 10. b4 Bd6 11. Nbd2 e5 12. h3 Bxf3 13. Nxf3 Qe7 14.
Nh4 g6 15. e4 dxc4 16. dxc4 Rad8 17. Qc2 Nf8 18. c5 Bc7 19. Rfd1 Ne6 20. Nf3 Nf8 21. Bf1 Nh5 22. Rxd8 Rxd8 23. Rd1 Rxd1 24. Qxd1 Nd7 25. Bc4 Ng7 26. h4 h6 27. Nh2 h5 28. Nf3 Ne6 29. Qd2 Kg7 30. Bc1 Ndf8 31. Qh6+ Kg8 32. Ng5 Qf6 33.
Bxe6 Nxe6 34. Qh7+ Kf8 35. Nxe6+ Qxe6 36. Qh8+ Ke7 37.
Bg5+ Kd7 38. Qa8 Qc4 39. Qxb7 Qxe4 40. Qxa7 Qb1+ 41. Kh2 Qf5 42. Be3 Qd3 43. a4 f5 44.
b5 cxb5 45. axb5 Qxb5 46. Qa8 Qc6 47. Qg8 Qe6 48. Qg7+ Kc6 49. Bg5 f4 50. Qg8 fxg3+ 51. Kxg3 Qxg8 0-1

[Event "Early-Titled-Tuesday-Blitz-July-09-2024"]
[Site "Chess.com"]
[Date "2024.07.09"]
[Round "7"]
[White "Tol_Tol"]
[Black "VaglioSagan"]
[Result "0-1"]
[WhiteElo "2362"]
[BlackElo "2509"]
[TimeControl "180+1"]
[EndTime "9:20:38 PDT"]
[Termination "VaglioSagan won on time"]

1. d4 d5 2. c4 c6 3. Nf3 Nf6 4. Nc3 e6 5. Qd3 dxc4 6. Qxc4 b5 7. Qd3 a6 8. e4 c5 9. e5 Nd5 10. dxc5 Bxc5 11. Nxd5 Qxd5 12. Qxd5 exd5 13. Bd3 Bg4 14. a4 b4 15. Nd2 Nc6 16. Nb3 Be7 17. f4 f6 18.
exf6 Bxf6 19. O-O Kf7 20. h3 Nd4 21. Nc5 Be2 22. Re1 Bxd3 23. Nxd3 Nc2 24. Bd2 Nxa1 25. Rxa1 a5 26. Rd1 Rac8 27. Be3 d4 28. Bf2 Rc2 29. g4 g6 30. Kg2 Re8 31. Kf3 h6 32. h4 Ree2 33. g5 hxg5 34. hxg5 Bg7 35. Rf1 Red2 36. Ke4 Re2+ 37. Kd5 Rcd2 38. Kc4 Rc2+ 39.
Kd5 Rc8 40. b3 Rd8+ 41. Kc4 Rc2+ 42. Kb5 Rd5+ 43. Kb6 Rc3 44. Rd1 Rxb3 45. Nc5 Rc3 46. Ne4 Rc8 47. f5 gxf5 48. Ng3 d3 49. Nh5 Bd4+ 50. Bxd4 Rxd4 51. Nf6 d2 52. Nh5 Rc1 0-1

[Event "Early-Titled-Tuesday-Blitz-July-09-2024"]
[Site "Chess.com"]
[Date "2024.07.09"]
[Round "7"]
[White "Knightmare1014"]
[Black "EpicWarrior2015"]
[Result "0-1"]
[WhiteElo "2264"]
[BlackElo "2435"]
[TimeControl "180+1"]
[EndTime "9:20:38 PDT"]
[Termination "EpicWarrior2015 won by checkmate"]

1. e4 c5 2. Nf3 Nf6 3. e5 Nd5 4.
c4 Nc7 5. d4 cxd4 6. Nxd4 Nc6 7. Nxc6 bxc6 8. Nc3 g6 9. Be3 Bg7 10. f4 O-O 11. Be2 Re8 12. O-O Ne6 13. Ne4 Qa5 14. c5 Ba6 15. Bxa6 Qxa6 16. Qc2 Nc7 17.
Nc3 Qc4 18. b3 Qe6 19. Rad1 Rad8 20. Kh1 Qf5 21. Qe2 h5 22. Rd2 f6 23. Bd4 Ne6 24. Qc4 fxe5 25. fxe5 Qg5 26. Rdf2 Rf8 27. Ne4 Qg4 28. Rxf8+ Rxf8 29. Rxf8+ Bxf8 30. Nf2 Qxd4 31. Qxd4 Nxd4 32. Ne4 Ne6 33. Kg1 Bg7 34. Kf2 Bxe5 35. Ke3 Bd4+ 36. Kd3 Bxc5 37. Kc4 d5+ 38. Kd3 dxe4+ 39.
Kxe4 Bd6 40. h3 Nc7 41. g4 hxg4 42. hxg4 Kf7 43. a4 e5 44. b4 Bxb4 45. a5 Bxa5 46. Kxe5 Bb4 47. g5 a5 48. Kd4 Bd6 49. Kc4 Ke6 50. Kb3 Kf5 51. Ka4 Kxg5 52. Kxa5 Kf4 53. Kb6 g5 54. Kxc6 Be5 55. Kd7 g4 56. Ke7 g3 57. Kd8 g2 58. Kd7 g1=Q 59. Kc8 Qg4+ 60. Kb7 Qf3+ 61. Kc8 Qa8+ 62. Kd7 Qe8# 0-1

[Event "Early-Titled-Tuesday-Blitz-July-09-2024"]
[Site "Chess.com"]
[Date "2024.07.09"]
[Round "7"]
[White "Adar_07"]
[Black "Schack-Hugo"]
[Result "1-0"]
[WhiteElo "2762"]
[BlackElo "2553"]
[TimeControl "180+1"]
[EndTime "9:20:39 PDT"]
[Termination "Adar_07 won by resignation"]

1. e4 e5 2. Nf3 Nc6 3. Bb5 a6 4. Ba4 Nf6 5. O-O Be7 6. Re1 b5 7.
Bb3 d6 8. c3 O-O 9. h3 Na5 10.
Bc2 c5 11. d4 Nd7 12. a4 b4 13.
cxb4 cxb4 14. b3 exd4 15. Nxd4 Bf6 16. Bb2 Qb6 17. Ra2 Nc5 18. Nd2 Be6 19. Nxe6 fxe6 20.
Bxf6 Rxf6 21. e5 Rxf2 22. Qh5 Ne4 23. Bxe4 Rf5+ 24. Kh1 Rxh5 25. Bxa8 Rxe5 26. Rxe5 dxe5 27. Rc2 Qd4 28. Bf3 g6 29. Rc8+ Kg7 30. Ne4 Nxb3 31. Ng5 Qd7 32. Rc7 Qxc7 33. Nxe6+ Kf6 34. Nxc7 e4 35.
Bd1 Nc5 36. Nd5+ Ke5 37. Nxb4 Kd4 38. Kg1 Kc3 39. Nd5+ Kd2 40. Bg4 e3 41. Kf1 Nxa4 42.
Nf6 Nc3 43. Nxh7 a5 44. Ng5 a4 45. Nf3+ Kd3 46. Ke1 a3 47. Be6 a2 48. Bxa2 Nxa2 49.
Ne5+ Ke4 50. Nxg6 Nc3 51. h4 Kf5 52. h5 Kg5 53. Nf4 Ne4 54. h6 Kxh6 55. Ke2 Kg5 56.
Kxe3 Kg4 57. Kxe4 Kg3 58. Ke3 1-0

[Event "Early-Titled-Tuesday-Blitz-July-09-2024"]
[Site "Chess.com"]
[Date "2024.07.09"]
[Round "7"]
[White "Kildepiotr"]
[Black "Mysterio47"]
[Result "1-0"]
[WhiteElo "2707"]
[BlackElo "2746"]
[TimeControl "180+1"]
[EndTime "9:20:39 PDT"]
[Termination "Kildepiotr won by resignation"]

1. Nf3 d5 2. g3 Nc6 3. Bg2 e5 4. d3 Nf6 5. O-O Be7 6. Nbd2 O-O 7. e4 dxe4 8. dxe4 a5 9. c3 Bc5 10. Qc2 h6 11. h3 b6 12. Nb3 Bd6 13. a4 Nd7 14. Be3 Qe7 15. Nh4 Qe6 16. Nf5 Re8 17. Nxd6 Qxd6 18. Rfd1 Qe7 19. Nd2 Ba6 20. Bf1 Bxf1 21.
Kxf1 Nc5 22. Kg2 Rad8 23. Nc4 Qe6 24. b3 Nb7 25. Rxd8 Rxd8 26. Rd1 Rxd1 27. Qxd1 Ne7 28. Qd3 f6 29. b4 Qc6 30. b5 Qe6 31. Nd2 Nc8 32. Qc4 Qxc4 33. Nxc4 Kf7 34. f4 Ncd6 35. Nd2 exf4 36. gxf4 f5 37. e5 Nc8 38. h4 Ne7 39. c4 Ke6 40. Nb3 g6 41. Kf3 Nd8 42.
c5 Nd5 43. Nd4+ Kd7 44. c6+ Ke7 45. h5 Kf7 46. hxg6+ Kxg6 47. Bd2 Ne7 48. Bc1 Nd5 49. Bd2 Ne7 50. Be1 Nd5 51. Bh4 Nf7 52. Ne6 Kh5 53.
Bf2 Kg6 54. Bh4 Kh5 55. Kg3 Kg6 56. Kh3 Kh5 57. Bf2 Kg6 58. Kg3 Kh5 59. Nxc7 Nxc7 60.
Bxb6 Nd5 61. Bxa5 Kg6 62. c7 Ne7 63. b6 1-0

[Event "Early-Titled-Tuesday-Blitz-July-09-2024"]
[Site "Chess.com"]
[Date "2024.07.09"]
[Round "7"]
[White "Dr_Pepper18"]
[Black "gpsji27"]
[Result "0-1"]
[WhiteElo "2427"]
[BlackElo "2354"]
[TimeControl "180+1"]
[EndTime "9:20:39 PDT"]
[Termination "gpsji27 won on time"]

1. d4 d5 2. c4 e6 3. Nf3 Nf6 4. g3 Be7 5. Bg2 O-O 6. O-O dxc4 7.
Qa4 a6 8. Qxc4 b5 9. Qc2 Bb7 10. a4 Nbd7 11. Rd1 b4 12. Nbd2 c5 13. Nc4 Rc8 14. b3 Be4 15. Qb2 Qc7 16. Bf4 Qb7 17. dxc5 Bxc5 18. Nd6 Bxd6 19. Bxd6 Rc2 20. Qd4 Rfc8 21.
Qxb4 Qxb4 22. Bxb4 Rxe2 23. Rd2 Rc2 24. Rxe2 Rxe2 25.
Nd4 Rb2 26. Bc3 Rb1+ 27. Rxb1 Bxb1 28. Bf1 Ne4 29. Be1 Ndc5 30. b4 Nxa4 31. Bxa6 Nec3 32. Nc6 Nd5 33. Bc4 Nab6 34. Bb3 Bd3 35. Bd2 h6 36. h4 Kh7 37. f3 Kg8 38. Kf2 f6 39. Nd8 e5 40. Be3 Bc4 41. Bxc4 Nxc4 42. Bc5 Nc3 43. Ne6 Nb5 44. f4 Nca3 45. fxe5 fxe5 46. Kf3 Kf7 47. Nc7 Nxc7 0-1

[Event "Early-Titled-Tuesday-Blitz-July-09-2024"]
[Site "Chess.com"]
[Date "2024.07.09"]
[Round "7"]
[White "Payyappat"]
[Black "carloseduar100"]
[Result "1-0"]
[WhiteElo "2416"]
[BlackElo "2255"]
[TimeControl "180+1"]
[EndTime "9:20:39 PDT"]
[Termination "Payyappat won by checkmate"]

1. e4 e6 2. d4 d5 3. Nc3 Nf6 4. Bg5 Be7 5. e5 Nfd7 6. Bxe7 Qxe7 7. f4 a6 8. Qg4 O-O 9. Nf3 f5 10. Qh3 c5 11. O-O-O cxd4 12. Nxd4 Nc6 13. Nxf5 exf5 14. Nxd5 Qc5 15. Bd3 g6 16. g4 Qxd5 17. gxf5 Ndxe5 18. fxe5 Qxa2 19. e6 Qa1+ 20. Kd2 Qxb2 21. fxg6 Rf2+ 22.
Ke1 Qf6 23. Qxh7+ Kf8 24. g7+ Qxg7 25. Qxg7+ Kxg7 26. Kxf2 Bxe6 27. Rhg1+ Kh8 28. Rg5 Rf8+ 29. Ke3 Rf6 30. Rh5+ Kg7 31. Rg1+ Kf8 32. Rh8+ Ke7 33. Rg7+ Kd6 34. Rxb7 a5 35. h4 Ne5 36. Rb6+ Kc5 37. Rb5+ Kd6 38. Rd8+ Ke7 39. Ra8 Ng4+ 40. Kd4 Rf4+ 41.
Kc3 a4 42. Rb7+ Kf6 43. Ra6 Rf5 44. Bxf5 Kxf5 45. Rb5+ Ne5 46. Raa5 Kf4 47. Rxe5 Bg4 48. Rxa4+ Kg3 49. Rxg4+ Kxg4 50. h5 Kf3 51. Ra5 Kg4 52. h6 Kf3 53. h7 Kg4 54. h8=Q Kf3 55. Qb8 Ke2 56. Qb4 Kd1 57. Qd4+ Ke2 58. Qd3+ Ke1 59. Ra1+ Kf2 60. Rf1+ Kg2 61. Qf3+ Kh2 62. Rh1# 1-0

[Event "Early-Titled-Tuesday-Blitz-July-09-2024"]
[Site "Chess.com"]
[Date "2024.07.09"]
[Round "7"]
[White "Vladimir_Zakhartsov"]
[Black "FGHSMN"]
[Result "0-1"]
[WhiteElo "2892"]
[BlackElo "3003"]
[TimeControl "180+1"]
[EndTime "9:20:40 PDT"]
[Termination "FGHSMN won by checkmate"]

1. e4 c5 2. Nf3 d6 3. g3 Nf6 4.
Qe2 g6 5. Bg2 Bg7 6. O-O O-O 7.
c3 Nc6 8. h3 e6 9. d4 Qc7 10.
dxc5 dxc5 11. Re1 e5 12. Na3 h6 13. Nc4 Be6 14. a4 a6 15. Nh2 Rfd8 16. Ne3 b5 17. axb5 axb5 18. Rxa8 Rxa8 19. Qxb5 Ne7 20. Qe2 Qb7 21.
Nhg4 Nxg4 22. hxg4 Bb3 23. c4 Nc6 24. Nd5 Nd4 25. Qd3 Ra4 26. Ne3 Qd7 27. Kh1 Qe6 28.
Bd2 Bxc4 29. Qc3 Bf8 30. Qc1 Be2 31. Bh3 Bf3+ 32. Bg2 Bxg4 33. Nd5 Bf3 34. Kg1 Ne2+ 35. Rxe2 Bxe2 36. Bxh6 Bxh6 37. Qxh6 Bc4 38. Bh3 Qd6 39. Ne3 Ra1+ 40. Kg2 Bd3 41. Bf5 Ra6 42. Qg5 Qf6 43. Qg4 Rd6 44. Bc8 Rd4 45. Bb7 Bc4 46. Bd5 Rd2 47. Qc8+ Kg7 48. Nxc4 Qxf2+ 49. Kh3 Qh2+ 50.
Kg4 Qh5# 0-1

[Event "Early-Titled-Tuesday-Blitz-July-09-2024"]
[Site "Chess.com"]
[Date "2024.07.09"]
[Round "7"]
[White "abelmat"]
[Black "Austen48"]
[Result "1/2-1/2"]
[WhiteElo "2117"]
[BlackElo "2271"]
[TimeControl "180+1"]
[EndTime "9:20:40 PDT"]
[Termination "Game drawn by repetition"]

1. d4 Nf6 2. c4 e6 3. Nf3 Bb4+ 4. Nc3 O-O 5. Qc2 d5 6. Bg5 c5 7. e3 Nc6 8. cxd5 exd5 9. Be2 cxd4 10. exd4 h6 11. Bh4 Re8 12. O-O Be7 13. Rfe1 Bg4 14. Rad1 Rc8 15. h3 Bh5 16. Qb3 Na5 17. Qa4 a6 18. Ne5 Bxe2 19. Rxe2 Nc4 20. Nxc4 Rxc4 21.
Qb3 Rb4 22. Qc2 Ne4 23. Bxe7 Rxe7 24. Rde1 Rc7 25. f3 Nf6 26. Qd3 Rc8 27. h4 Rbc4 28.
Qf5 g6 29. Qf4 Kg7 30. Qe5 Qc7 31. Qxc7 R8xc7 32. Rd2 b5 33. Re5 Rd7 34. a3 h5 35.
Kf2 Rc6 36. Rde2 Rcd6 37. Re7 Kf8 38. Rxd7 Rxd7 39. Re5 Kg7 40. Ke3 Kf8 41. Kf4 Kg7 42. Kg5 Nh7+ 43. Kf4 Nf6 44. Ke3 Rd6 45. Kd3 Kf8 46.
Ke3 Re6 47. Kf4 Rd6 48. Ke3 Kg7 49. Kf4 Kf8 50. Ke3 1/2-1/2

[Event "Early-Titled-Tuesday-Blitz-July-09-2024"]
[Site "Chess.com"]
[Date "2024.07.09"]
[Round "7"]
[White "vi_pranav"]
[Black "maciek_92"]
[Result "0-1"]
[WhiteElo "2999"]
[BlackElo "2844"]
[TimeControl "180+1"]
[EndTime "9:20:42 PDT"]
[Termination "maciek_92 won on time"]

1. Nf3 b6 2. g3 Bb7 3. Bg2 f5 4. O-O Nf6 5. d3 e6 6. Nbd2 Bc5 7. e4 fxe4 8. Ng5 O-O 9. Ndxe4 Nc6 10. Nxc5 bxc5 11.
Be3 h6 12. Ne4 d6 13. c3 Qe7 14. Nxf6+ Rxf6 15. Qa4 Nd8 16. Bxb7 Nxb7 17. Rfe1 Nd8 18. d4 cxd4 19. Bxd4 Rf5 20. Qc4 Kh8 21. Qd3 Qf7 22.
f4 a5 23. c4 Nc6 24. Bc3 Re8 25. b3 Nb8 26. Re2 Nd7 27. Rae1 e5 28. Bxa5 e4 29. Qd2 Nf6 30. Bc3 d5 31. Qd4 c6 32.
cxd5 cxd5 33. Rc2 Qg6 34. Bb2 Rxf4 35. Rc7 Rf3 36. Rc6 Rf8 37. Re3 Qg4 38. Rxf3 Qxf3 39. Rc3 Qg4 40. Rc2 Nh5 41. Rg2 Rf3 42. Qxd5 e3 43.
Qd8+ Kh7 44. Qd3+ Kh8 45. Re2 Qh3 46. Qd8+ Kh7 47. Qd3+ Kh8 48. Rxe3 Rf8 49. Re6 Nf4 0-1

[Event "Early-Titled-Tuesday-Blitz-July-09-2024"]
[Site "Chess.com"]
[Date "2024.07.09"]
[Round "7"]
[White "sathvikadiga"]
[Black "DawidCzerw"]
[Result "1-0"]
[WhiteElo "2663"]
[BlackElo "2491"]
[TimeControl "180+1"]
[EndTime "9:20:42 PDT"]
[Termination "sathvikadiga won on time"]

1. e4 c5 2. Nf3 g6 3. d4 cxd4 4. Nxd4 Nc6 5. c4 Nf6 6. Nc3 d6 7. Be2 Bg7 8. Be3 O-O 9. O-O Bd7 10. Qd2 Nxd4 11. Bxd4 Bc6 12. f3 Nd7 13. Be3 a5 14. b3 Nc5 15. Rab1 e6 16. Rfd1 Be5 17. g3 Qe7 18. Nb5 Bxb5 19. cxb5 b6 20. Rbc1 Rad8 21.
Bc4 Kg7 22. Bh6+ Kg8 23. Bxf8 Qxf8 24. f4 Bf6 25. Qe3 Qg7 26. a3 Bb2 27. Rc2 Bxa3 28. Rcd2 Nb7 29. Qf3 Bc5+ 30. Kg2 Re8 31. f5 Qf6 32.
fxe6 Qxf3+ 33. Kxf3 fxe6 34. Kg2 Nd8 35. Rxd6 Nb7 36. Rxe6 Rxe6 37. Bxe6+ Kg7 38. Rd7+ Kf6 39. Rxb7 Kxe6 40. Kf3 h5 41. Rb8 g5 42. Rd8 Be7 43.
Rd5 Bf6 44. Ke3 Be7 45. Kd4 Bf6+ 46. e5 Be7 47. Ke4 Bb4 48. Rd8 Be7 49. Rc8 Kd7 50.
Rc6 Bd8 51. e6+ Ke7 52. Ke5 h4 53. Rc8 hxg3 54. hxg3 g4 55. Kd5 Ke8 56. Kd6 Kf8 57. e7+ 1-0

[Event "Early-Titled-Tuesday-Blitz-July-09-2024"]
[Site "Chess.com"]
[Date "2024.07.09"]
[Round "7"]
[White "vladgoncharov"]
[Black "Mattheii"]
[Result "1-0"]
[WhiteElo "2652"]
[BlackElo "2475"]
[TimeControl "180+1"]
[EndTime "9:20:45 PDT"]
[Termination "vladgoncharov won by resignation"]

1. d4 Nf6 2. c4 e6 3. Nf3 b6 4. g3 Ba6 5. Qa4 Bb7 6. Bg2 c5 7. dxc5 bxc5 8. O-O Be7 9. Nc3 O-O 10. Rd1 Qb6 11.
Qc2 Rd8 12. Bf4 d6 13. e4 Nc6 14. Na4 Qa5 15. Bd2 Qc7 16. Re1 e5 17. Nc3 Nd4 18.
Qd1 a6 19. b3 Bc6 20. h3 h6 21. Nh2 Nh7 22. Nf1 Qd7 23. Ne3 Rf8 24. Ned5 Bd8 25. f4 f5 26. fxe5 dxe5 27. exf5 Nxf5 28. Ne4 Bxd5 29.
cxd5 Bb6 30. Kh2 Rad8 31. Bc3 Nd4 32. Qh5 Rf5 33. Qg4 h5 34. Qg6 Nf6 35. Nxf6+ Rxf6 36. Qxh5 Rf2 37. Rf1 Rdf8 38. Rxf2 Rxf2 39. Bxd4 exd4 40. Qe5 Bc7 41. Qe6+ Qxe6 42. dxe6 Bd6 43. Rf1 Rxf1 44. Bxf1 Kf8 45. Bxa6 Ke7 46. Bc4 d3 47. Bxd3 Kxe6 48. Kg2 Ke5 49. Kf3 Kd4 50. Bc4 Be7 51. a4 Bd8 52. Kf4 Bc7+ 53. Kg4 Bd8 54. Kf5 Bc7 55. g4 Bd8 56. g5 Kc3 57. h4 Kb4 58. h5 Be7 59. Kg6 Bd8 60. Kxg7 Bxg5 61. h6 Be3 62. h7 Bd4+ 63. Kg8 1-0

[Event "Early-Titled-Tuesday-Blitz-July-09-2024"]
[Site "Chess.com"]
[Date "2024.07.09"]
[Round "7"]
[White "SharathRk6"]
[Black "Sadykov_Ramil"]
[Result "0-1"]
[WhiteElo "2453"]
[BlackElo "2623"]
[TimeControl "180+1"]
[EndTime "9:20:46 PDT"]
[Termination "Sadykov_Ramil won by resignation"]

1. e4 d6 2. d4 Nc6 3. Nf3 Bg4 4. Be3 Nf6 5. Nc3 g6 6. h3 Bxf3 7. Qxf3 e5 8. d5 Nd4 9. Bxd4 exd4 10. Ne2 Qe7 11. Nxd4 Qxe4+ 12. Qxe4+ Nxe4 13. Bb5+ Kd8 14. O-O Bg7 15. Rad1 a6 16. Ba4 Nc5 17. Bb3 Nxb3 18. axb3 Re8 19. c3 Kd7 20. Rd2 Re5 21. Nf3 Re7 22. Re1 Rxe1+ 23. Nxe1 a5 24. Kf1 a4 25. bxa4 Rxa4 26. Nf3 Bf6 27. Ke2 h5 28. Ne1 c6 29.
dxc6+ bxc6 30. Nc2 d5 31. Ne3 Ke6 32. g3 g5 33. g4 h4 34. Kf3 Ra1 35. Kg2 Be5 36. Re2 f6 37. Nc2 Rb1 38. Nd4+ Kd7 39. Nf3 Kd6 40.
Nd2 Rd1 41. Nb3 c5 42. Na5 Rb1 43. Nb3 d4 44. cxd4 cxd4 45. Nd2 Rc1 46. Ne4+ Kd5 47. f3 d3 48. Rd2 Kd4 49. Nf2 Rc2 50. Rxd3+ Kc4 51. b3+ Kb4 52. Kg1 Bc7 53. Ne4 Be5 54. Kh1 Re2 55. Kg1 Rb2 56. Re3 Bd4 0-1

[Event "Early-Titled-Tuesday-Blitz-July-09-2024"]
[Site "Chess.com"]
[Date "2024.07.09"]
[Round "7"]
[White "oykuince"]
[Black "Boorchess"]
[Result "1-0"]
[WhiteElo "2160"]
[BlackElo "2550"]
[TimeControl "180+1"]
[EndTime "9:20:46 PDT"]
[Termination "oykuince won by resignation"]

1. d4 Nf6 2. c4 e6 3. Nc3 c5 4. d5 exd5 5. cxd5 d6 6. e4 g6 7.
f3 Bg7 8. Nge2 O-O 9. Ng3 h5 10. Bg5 Qb6 11. Qd2 Nh7 12. Be3 h4 13. Nge2 f5 14.
Nf4 fxe4 15. Nxg6 Re8 16. fxe4 Bf5 17. Nxh4 Bxe4 18. Be2 Nd7 19. O-O Ne5 20. Bh6 Qd8 21. Nf5 Bxf5 22. Rxf5 Qh4 23. Bxg7 Kxg7 24. Raf1 Rf8 25.
R5f4 Qh6 26. Ne4 Rae8 27. Ng3 Rxf4 28. Rxf4 Kg8 29. Nf5 Qg5 30. h4 Qf6 31. Bh5 Rf8 32. Qf2 Kh8 33. g3 Nd3 34. Qe3 Nxf4 35. Qf3 Qxb2 36. Qxf4 Qe5 37. Qxe5+ dxe5 38. g4 Nf6 39. Ne7 Kg7 40. Ng6 Rd8 41. Nf8 Rxd5 42. g5 Rd1+ 43.
Bxd1 Ne4 44. Ne6+ Kf7 45. Nd8+ Ke7 46. Nxb7 c4 47. Na5 c3 48. Nb3 Ng3 49. Bc2 e4 50. Kf2 Nf5 51. Bxe4 Nxh4 52. g6 Kf6 53. Ke3 Nxg6 54. Bxg6 Kxg6 55. Kd3 Kf6 56. Kxc3 Ke6 57. Kb4 Kd6 58. Ka5 Kc6 59. Ka6 Kc7 60. Kxa7 Kc6 61.
a4 Kc7 62. a5 Kc6 63. a6 Kc7 64. Na5 Kc8 65. Nc4 Kc7 66. Nb6 Kc6 67. Kb8 1-0

[Event "Early-Titled-Tuesday-Blitz-July-09-2024"]
[Site "Chess.com"]
[Date "2024.07.09"]
[Round "7"]
[White "Arysya"]
[Black "Zohid6"]
[Result "0-1"]
[WhiteElo "2889"]
[BlackElo "2989"]
[TimeControl "180+1"]
[EndTime "9:20:48 PDT"]
[Termination "Zohid6 won on time"]

1. e4 e5 2. Nf3 Nf6 3. Nc3 Nc6 4.
g3 Bc5 5. Bg2 d6 6. O-O a5 7. d3 O-O 8. h3 a4 9. Bg5 h6 10. Bh4 Nd4 11. Nd5 g5 12. Nxg5 Nxd5 13. Qh5 hxg5 14. Bxg5 Qe8 15. Bh6 f6 16. Qd1 Rf7 17.
c3 Ne7 18. cxd4 Bxd4 19. Bc1 Rh7 20. Rb1 Qf7 21. Be3 Nc6 22. a3 Qg7 23. Qf3 Bxh3 24. Bxh3 Rxh3 25. Kg2 Rh7 26. Qf5 Ne7 27. Qd7 Ng6 28.
Qe6+ Qf7 29. Qf5 Ne7 30. Qd7 c5 31. Rh1 Bxe3 32. Rxh7 Qxh7 33. fxe3 Nc6 34. Qg4+ Qg7 35. Qe6+ Qf7 36. Qf5 Ne7 37. Qg4+ Ng6 38. Rh1 Kg7 39. Rf1 Rd8 40. Rf3 b5 41. Qf5 Re8 42. Rf1 Qe6 43.
Qf3 Rh8 44. Rg1 b4 45. Rf1 bxa3 46. bxa3 Rb8 47. Rf2 Rb3 48. Qd1 Rxa3 49. Kh2 Ra2 50. Rxa2 Qxa2+ 51. Kh3 a3 52. Qa4 Qe6+ 53. Kg2 a2 54.
Kf3 Ne7 55. Qa7 Kf7 56. g4 Qb3 57. Qa8 Qd1+ 58. Kg3 a1=Q 0-1

[Event "Early-Titled-Tuesday-Blitz-July-09-2024"]
[Site "Chess.com"]
[Date "2024.07.09"]
[Round "7"]
[White "baki83"]
[Black "2Coaches1Profile"]
[Result "1-0"]
[WhiteElo "2805"]
[BlackElo "2590"]
[TimeControl "180+1"]
[EndTime "9:20:49 PDT"]
[Termination "baki83 won on time"]

1. e4 Nf6 2. e5 Nd5 3. d4 d6 4. Nf3 Nc6 5. Bc4 Nb6 6. Bb5 dxe5 7. Nxe5 Bd7 8. Nxd7 Qxd7 9. c3 a6 10. Be2 e5 11. dxe5 Qxd1+ 12. Kxd1 Nxe5 13. Kc2 O-O-O 14. Nd2 Be7 15. g3 f5 16. Nb3 Ng4 17. f3 Ne5 18.
Bf4 Bf6 19. Rad1 g5 20. Bc1 Rhe8 21. Rxd8+ Kxd8 22. Rd1+ Kc8 23. Nd4 f4 24. gxf4 gxf4 25. Bf1 Ng6 26. Ne2 Nh4 27. Nxf4 Nxf3 28. h3 c6 29. Kb1 Bg5 30. Bd3 h6 31. Bf5+ Kb8 32. Bg6 Rg8 33. Bh5 Ne5 34. Re1 Nec4 35. b3 Nd6 36.
Re6 Nb5 37. Kb2 Nd5 38. Nxd5 Bxc1+ 39. Kxc1 cxd5 40. Rxh6 Rg3 41. Bf7 Nxc3 42. h4 d4 43.
Kd2 Ne4+ 44. Ke2 Nc3+ 45. Kf2 Ne4+ 46. Kf1 d3 47. Rh8+ Kc7 48. Rh7 Kd6 49. Be8 Nf6 50.
Rh6 Ke7 51. Bh5 Re3 52. Kf2 Nxh5 53. Kxe3 Ng3 54. Kxd3 Nf5 55. Rh7+ Ke6 56. Rxb7 1-0